 Dungeon Crawl Stone Soup version 0.29.1-15-g9cfb28693d (webtiles) character file.

Game seed: 4799963218662832873

79734 Peloso the Fencer (level 15, -6/141 HPs)
             Began as a Minotaur Fighter on Apr 21, 2023.
             Was a High Priest of Okawaru.
             Killed from afar by a fire dragon (26 damage)
             ... with a blast of flame
             ... on level 5 of the Lair of Beasts.
             The game lasted 00:56:06 (30968 turns).

Peloso the Fencer (Minotaur Fighter)               Turns: 30968, Time: 00:56:06

Health: -6/141     AC: 25    Str: 26    XL:     15   Next: 21%
Magic:  17/18      EV: 20    Int: 11    God:    Okawaru [*****.]
Gold:   2418       SH:  9    Dex: 18    Spells: 14/14 levels left

rFire   + . .      SeeInvis .   a - +6 long sword (elec)
rCold   + . .      Faith    .   d - +0 buckler {rC+}
rNeg    + . .      Spirit   .   o - +2 chain mail {rF+}
rPois   .          Reflect  .   (helmet restricted)
rElec   .          Harm     .   g - +2 cloak
rCorr   .          Rampage  .   s - +0 pair of gloves
Will    +....                   C - +0 pair of boots
Stlth   +.........              N - macabre finger necklace {rN+}
HPRegen 0.33/turn               p - +4 ring of evasion
MPRegen 0.16/turn               D - +6 ring of intelligence
                                M - +6 ring of dexterity

@: heroic, studying Ice Magic, very slow
A: horns 2, retaliatory headbutt
a: Renounce Religion, Heroism, Finesse, Duel


You were on level 5 of the Lair of Beasts.
You worshipped Okawaru.
Okawaru was extremely pleased with you.
You visited 4 branches of the dungeon, and saw 20 of its levels.
You also visited: Bailey, Ice Cave and Volcano.

You collected 2418 gold pieces.

Inventory:

Hand Weapons
 a - a +6 long sword of electrocution (weapon)
 b - a +0 demon blade of draining
 c - a +2 scimitar of flaming
Missiles
 f - 3 throwing nets (quivered)
Armour
 d - a +0 buckler of cold resistance (worn)
 g - a +2 cloak (worn)
 o - a +2 chain mail of fire resistance (worn)
 s - a +0 pair of gloves (worn)
 C - a +0 pair of boots (worn)
 I - +0 swamp dragon scales
 O - a +0 plate armour of cold resistance
Jewellery
 i - a ring of resist corrosion
 p - a +4 ring of evasion (left hand)
 D - a +6 ring of intelligence (right hand)
 J - an amulet of guardian spirit
 M - a +6 ring of dexterity (on amulet)
 N - the macabre finger necklace (around neck) {rN+}
   (You found it in a bailey)

   [amulet of nothing]

   It enables you to equip an extra ring.
   rN:        It protects you from negative energy.
 T - a ring of positive energy
 Z - an amulet of reflection
Wands
 y - a wand of flame (18)
 B - a wand of polymorph (11)
 H - a wand of iceblast (23)
 Q - a wand of digging (6)
 S - a wand of mindburst (2)
 U - a wand of paralysis (6)
Scrolls
 e - 4 scrolls of enchant armour
 h - 2 scrolls of silence
 k - a scroll of acquirement
 q - 13 scrolls of teleportation
 r - 3 scrolls of fear
 u - 2 scrolls of blinking
 A - a scroll of poison
 V - a scroll of amnesia
 W - 2 scrolls of brand weapon
 X - 4 scrolls of identify
 Y - a scroll of immolation
Potions
 j - a potion of haste
 l - 2 potions of might
 m - 6 potions of curing
 n - 2 potions of experience
 t - 2 potions of cancellation
 v - 2 potions of heal wounds
 w - 5 potions of magic
 x - 9 potions of ambrosia
 F - a potion of brilliance
 G - 2 potions of flight
 K - a potion of berserk rage
 L - 3 potions of mutation
Miscellaneous
 E - a box of beasts
 P - a phantom mirror


   Skills:
 + Level 15.1(20.1) Fighting
 + Level 17.3(22.3) Long Blades
 + Level 16.7(21.7) Armour
 + Level 6.9(11.9) Dodging
 + Level 2.8(7.8) Stealth
 + Level 13.2(18.2) Shields
 + Level 5.7 Invocations
 + Level 1.6 Evocations


You had 14 spell levels left.
You didn't know any spells.
Your spell library contained the following spells:

 Spells                   Type           Power      Damage    Failure   Level
 Dazzling Flash           Conj/Hex       0%         N/A       97%         3
 Corpse Rot               Necr/Pois/Air  0%         N/A       100%        4
 Dispel Undead            Necr           0%         3d6       100%        4
 Iskenderun's Mystic Bla  Conj/Tloc      0%         2d3       100%        4
 Leda's Liquefaction      Hex/Erth       0%         N/A       100%        4
 Passage of Golubria      Tloc           0%         N/A       100%        4
 Petrify                  Tmut/Erth      0%         N/A       100%        4
 Lee's Rapid Deconstruct  Erth           0%         3d5*      100%        5
 Metabolic Englaciation   Hex/Ice        0%         N/A       100%        5
 Yara's Violent Unravell  Hex/Tmut       0%         3d3       100%        5
 Starburst                Conj/Fire      0%         6d3       100%        6
 Statue Form              Tmut/Erth      0%         N/A       100%        6
 Tukima's Dance           Hex            Unusable   N/A       N/A         3
 Death Channel            Necr           Unusable   N/A       N/A         6

Dungeon Overview and Level Annotations

Branches:
Dungeon (12/15)            Temple (1/1) D:4            Lair (5/5) D:10
 Shoals (0/4) Lair:3        Snake (0/4) Lair:2        Slime (0/5) Lair:4
    Orc (2/2) D:11            Elf (0/3) Orc:2        Bailey (visited)
  IceCv (visited)         Volcano (visited)

Altars:
Ashenzari
Cheibriados
Dithmenos
Elyvilon
Fedhas
Gozag
Hepliaklqana
Kikubaaqudgha
Makhleb
Nemelex Xobeh
Okawaru
Qazlal
Ru
Sif Muna
Trog
Uskayaw
Vehumet
Wu Jian
Xom
Yredelemnul
Zin
The Shining One
Jiyva

Shops:
D:1 (   D:2 *   D:12 **   Orc:2 (:[*

Annotations:
D:7 3 runed translucent doors, duchin's ghost, novice MfBr
Lair:4 1 runed translucent door
Lair:5 2 runed translucent doors, rlgrobin's ghost, journeyman TrMo
Orc:1 3 runed translucent doors, kernmantle's ghost, journeyman OpWn


Innate Abilities, Weirdness & Mutations

You have a pair of horns on your head.
You reflexively headbutt those who attack you in melee.


Message History

The fire dragon bites you but does no damage.
You block the fire dragon's attack. The fire dragon tramples you.
* * * LOW HITPOINT WARNING * * *
You stumble backwards!
Splash!
You fall into the shallow water.
Moving in this stuff is going to be slow.
You feel much better. The fire dragon bites you!
* * * LOW HITPOINT WARNING * * *
You block the fire dragon's attack. The fire dragon tramples you.
* * * LOW HITPOINT WARNING * * *
You hold your ground!
Unknown command.
Your unstable footing causes you to fumble your attack.
The fire dragon bites you.
* * * LOW HITPOINT WARNING * * *
The fire dragon claws you.
* * * LOW HITPOINT WARNING * * *
The fire dragon completely misses you.
Unknown command.
You hit the fire dragon but do no damage.
The fire dragon closely misses you. The fire dragon claws you.
* * * LOW HITPOINT WARNING * * *
The fire dragon misses you.
Unknown command.
You hit the fire dragon but do no damage.
Lightning courses through the fire dragon!
The fire dragon is lightly wounded.
Unknown command.
You barely miss the fire dragon. You headbutt the fire dragon!
The fire dragon is moderately wounded.
You block the fire dragon's attack. The fire dragon misses you. x2
Unknown command.
You hit the fire dragon.
Lightning courses through the fire dragon!
You headbutt the fire dragon, but do no damage.
The fire dragon is heavily wounded.
The fire dragon breathes flames at you. The blast of flame hits you!!
You resist.
You die...

♣♣♣♣♣♣
♣♣♣~~..♣♣
♣..~≈~..♣♣
♣♣.~≈≈≈~P.♣
♣♣♣..[~♣♣~°..♣
####
♣♣..PD~♣♣~.≈~.♣
...###
♣♣..?~@♣♣
P~~≈~.. .....#
♣..≈.~♣♣
?$.~≈~~.♣
.....# ♣♣..~≈♣♣
)..~..♣♣♣
.....# ♣♣.♣..~♣
.)..≈≈.. .....#
♣...P~~♣♣
.....#
♣...P~..♣
.....#
♣♣.♣♣~≈≈..♣
.....#
♣.[♣.~♣♣≈.P♣
.....# ♣♣†♣.♣♣
.≈~♣


You could see a fire dragon (catching breath).

Vanquished Creatures
  3 orc warlords
  Azrael (Orc:1)
  A red draconian (Volcano)
  2 boulder beetles
  8 hydras
  Erolcha (D:11)
  9 two-headed ogres
  2 ogre magi
  A centaur warrior (D:12)
  A death knight (D:12)
  4 orc high priests
  5 skeletal warriors
  3 orc knights
  A swamp dragon (Lair:5)
  2 bog bodies (IceCv)
  6 orc sorcerers
  2 ugly things
  A cyclops (D:11)
  6 black mambas
  A merfolk siren (Lair:3)
  Joseph (D:8)
  2 torpor snails (Lair:4)
  Maggie (D:7)
  An ice statue (IceCv)
  A gargoyle (D:12)
  An unseen horror (D:12)
  5 rime drakes
  12 komodo dragons
  9 cane toads
  2 kobold demonologists
  An ice devil (IceCv)
  4 anaconda simulacra (IceCv)
  A merfolk (Lair:3)
  5 trolls
  2 polar bears
  A queen bee (Lair:1)
  A hornet (D:7)
  5 slime creatures
  Prince Ribbit (D:8)
  17 blink frogs
  6 wyverns
  2 dire elephant simulacra (IceCv)
  Sigmund (D:2)
  A vampire (D:12)
  51 yaks
  4 fire elementals
  3 basilisks (Lair:2)
  3 steam dragons
  2 death yak simulacra (IceCv)
  3 vampire mosquitoes (D:9)
  4 acid dragons
  3 hell hounds
  16 water moccasins
  28 orc warriors
  An ice beast (D:6)
  A black bear (D:4)
  20 wolves
  2 ogres
  4 centaurs
  2 phantoms (D:4)
  Blork the orc (D:5)
  7 kobold brigands
  2 scorpions (D:6)
  16 bullfrogs
  A gnoll sergeant (D:9)
  2 necrophages (D:5)
  5 two-headed ogre simulacra (IceCv)
  3 cane toad simulacra (IceCv)
  8 wights (D:7)
  36 killer bees
  An elephant simulacrum (IceCv)
  4 howler monkeys
  5 electric eels
  A jelly (D:6)
  16 orc priests
  Terence (D:2)
  6 iguanas
  27 orc wizards
  8 troll simulacra (IceCv)
  4 polar bear simulacra (IceCv)
  5 spriggan simulacra (IceCv)
  7 gnolls
  2 adders
  8 naga simulacra (IceCv)
  7 white imps
  6 ufetubi
  3 dart slugs
  74 orcs
  3 bats
  5 endoplasms
  5 giant cockroaches
  11 hobgoblins
  4 jackals (D:3)
  5 quokkas
  9 ball pythons
  5 frilled lizards
  7 goblins
  33 kobolds
  5 rats
  A toadstool (D:11)
649 creatures vanquished.

Vanquished Creatures (others)
  An iguana (Lair:5)
  2 orc wizards (Orc:1)
  2 orcs (Orc:1)
  A bush (Lair:1)
  9 fungi
  19 plants
  A toadstool (D:11)
  A withered plant (D:3)
36 creatures vanquished.

Grand Total: 685 creatures vanquished

Notes
Turn   | Place    | Note
-------+----------+-------------------------------------------
     0 | D:1      | Peloso the Minotaur Fighter began the quest for the Orb.
     0 | D:1      | Reached XP level 1. HP: 19/19 MP: 0/0
   141 | D:1      | Reached XP level 2. HP: 27/27 MP: 1/1
   365 | D:1      | Reached skill level 3 in Long Blades
   458 | D:1      | Found Idghoreff's Weapon Boutique.
   567 | D:1      | Reached XP level 3. HP: 32/33 MP: 2/2
   940 | D:2      | Found a faded altar of an unknown god.
  1055 | D:2      | Noticed Sigmund
  1368 | D:3      | Reached XP level 4. HP: 14/40 MP: 3/3
  1621 | D:3      | Found a snail-covered altar of Cheibriados.
  1697 | D:3      | Found a basalt altar of Yredelemnul.
  1848 | D:3      | Found a glowing silver altar of Zin.
  2044 | D:4      | Found an opulent altar of Gozag.
  2064 | D:4      | Reached skill level 4 in Long Blades
  2195 | D:4      | Noticed a phantom
  2200 | D:4      | Reached XP level 5. HP: 44/47 MP: 4/4
  2218 | D:4      | Killed a phantom
  2219 | D:4      | Reached skill level 5 in Long Blades
  2422 | D:4      | Noticed a phantom
  2433 | D:4      | Killed a phantom
  2434 | D:4      | Reached skill level 5 in Armour
  2434 | D:4      | Reached XP level 6. HP: 53/53 MP: 5/5
  2487 | D:4      | Found an iron altar of Okawaru.
  2503 | D:4      | Found a staircase to the Ecumenical Temple.
  2516 | Temple   | Entered the Ecumenical Temple
  2516 | Temple   | Noticed a balrug
  2516 | Temple   | Noticed an ice devil
  2516 | Temple   | Noticed a sun demon
  2517 | Temple   | Noticed Joamiserr the pandemonium lord
  2517 | Temple   | Noticed Numpoast the pandemonium lord
  2517 | Temple   | Noticed an Executioner
  2520 | Temple   | Noticed Kipti the pandemonium lord
  2548 | Temple   | Noticed a shadow demon
  2548 | Temple   | Noticed Onwouscha the pandemonium lord
  2561 | Temple   | Noticed Sasil the pandemonium lord
  2576 | Temple   | Noticed Luclaxie the pandemonium lord
  2838 | D:4      | Reached skill level 6 in Long Blades
  2838 | D:4      | Reached skill level 5 in Shields
  3101 | D:4      | Became a worshipper of Warmaster Okawaru
  3214 | D:5      | Entered Level 5 of the Dungeon
  3221 | D:5      | Reached XP level 7. HP: 60/60 MP: 6/6
  3269 | D:5      | Reached skill level 1 in Dodging
  3627 | D:5      | Reached skill level 5 in Fighting
  3702 | D:5      | Noticed Blork the orc
  3785 | D:2      | Noticed Terence
  3792 | D:2      | Killed Terence
  3793 | D:2      | Reached skill level 7 in Long Blades
  4464 | D:2      | Killed Sigmund
  4684 | D:2      | Found Igukh's General Store.
  4827 | D:5      | Killed Blork the orc
  5058 | D:5      | Reached XP level 8. HP: 58/69 MP: 7/7
  5300 | D:6      | Reached * piety under Okawaru
  5972 | D:6      | Reached skill level 8 in Long Blades
  6322 | D:6      | Reached skill level 1 in Stealth
  7086 | D:7      | Noticed a hornet
  7089 | D:7      | Paralysed by a hornet for 1 turns
  7091 | D:7      | Paralysed by a hornet for 2 turns
  7096 | D:7      | Killed a hornet
  7096 | D:7      | Reached ** piety under Okawaru
  7097 | D:7      | Reached XP level 9. HP: 42/78 MP: 5/8
  7315 | D:7      | Found an ancient bone altar of Kikubaaqudgha.
  7545 | D:7      | Found a runed translucent gate.
  7546 | D:7      | Found a runed translucent gate.
  7546 | D:7      | Found a runed translucent gate.
  7602 | D:7      | Noticed Maggie
  7621 | D:7      | Killed Maggie
  7622 | D:7      | Reached skill level 9 in Long Blades
  8188 | D:7      | Noticed duchin's ghost (novice MfBr)
  8241 | D:8      | Reached *** piety under Okawaru
  8253 | D:8      | Reached skill level 10 in Long Blades
  8547 | D:8      | Noticed Prince Ribbit
  8556 | D:8      | Killed Prince Ribbit
  8556 | D:8      | Reached **** piety under Okawaru
  8557 | D:8      | Reached skill level 10 in Armour
  8557 | D:8      | Reached XP level 10. HP: 88/88 MP: 9/9
  8627 | D:8      | Reached skill level 11 in Long Blades
  8788 | D:8      | Reached skill level 1 in Invocations
  9127 | D:8      | Noticed Joseph
  9154 | D:8      | Killed Joseph
  9577 | D:9      | Reached ***** piety under Okawaru
  9594 | D:9      | Found a shadowy altar of Dithmenos.
  9644 | D:9      | Found a flagged portal.
  9663 | Bailey   | Entered a bailey
  9674 | Bailey   | Noticed an orc warlord
  9684 | Bailey   | Found the macabre finger necklace {rN+}
  9829 | Bailey   | Found a runed translucent gate.
  9831 | Bailey   | Found a runed translucent gate.
  9833 | Bailey   | Found a runed translucent gate.
 10023 | Bailey   | Reached skill level 12 in Long Blades
 10023 | Bailey   | Reached XP level 11. HP: 97/97 MP: 9/12
 10070 | Bailey   | Killed an orc warlord
 10071 | Bailey   | Reached skill level 5 in Dodging
 10154 | Bailey   | Identified a scroll of acquirement
 10239 | D:9      | Reached skill level 13 in Long Blades
 10416 | D:9      | Found an ornate altar of the Wu Jian Council.
 10838 | D:10     | Entered Level 10 of the Dungeon
 10942 | D:10     | Noticed a two-headed ogre
 10957 | D:10     | Killed a two-headed ogre
 10958 | D:10     | Reached skill level 10 in Fighting
 10995 | D:10     | Received a gift from Okawaru
 11169 | D:10     | Found a radiant altar of Vehumet.
 11186 | D:10     | Found a shimmering blue altar of Sif Muna.
 11298 | D:10     | Reached skill level 1 in Evocations
 11426 | D:10     | Reached XP level 12. HP: 86/106 MP: 13/13
 11610 | D:10     | Found a staircase to the Lair.
 12094 | D:11     | Noticed a two-headed ogre
 12101 | D:11     | Killed a two-headed ogre
 12162 | D:11     | Noticed a two-headed ogre
 12163 | D:11     | Noticed a boulder beetle
 12210 | D:10     | Killed a boulder beetle
 12489 | D:11     | Killed a two-headed ogre
 12490 | D:11     | Reached skill level 14 in Long Blades
 12576 | D:11     | Noticed Erolcha
 12582 | D:11     | Killed Erolcha
 12663 | D:11     | Received a gift from Okawaru
 12751 | D:11     | Found a staircase to the Orcish Mines.
 13253 | Lair:1   | Entered Level 1 of the Lair of Beasts
 13329 | Lair:1   | Noticed a six-headed hydra
 13343 | Lair:1   | Killed a one-headed hydra
 13367 | Lair:1   | Reached skill level 10 in Shields
 13548 | Lair:1   | Found a frozen archway.
 13561 | IceCv    | Entered an ice cave
 15302 | IceCv    | Reached XP level 13. HP: 116/117 MP: 15/15
 15766 | Lair:1   | Reached skill level 15 in Long Blades
 16544 | Lair:2   | Reached ****** piety under Okawaru
 16555 | Lair:2   | Received a gift from Okawaru
 16731 | Lair:2   | Found a dark tunnel.
 16740 | Volcano  | Entered a volcano
 16775 | Volcano  | Found a burning altar of Makhleb.
 16777 | Volcano  | Noticed a red draconian
 17082 | Volcano  | Killed a red draconian
 17418 | Volcano  | Reached skill level 5 in Invocations
 17710 | Lair:2   | Received a gift from Okawaru
 17969 | Lair:2   | Found a staircase to the Snake Pit.
 18418 | Orc:1    | Entered Level 1 of the Orcish Mines
 18435 | Orc:1    | Paralysed by an orc sorcerer for 5 turns
 19730 | Orc:1    | Found a runed translucent gate.
 19730 | Orc:1    | Found a runed translucent gate.
 19731 | Orc:1    | Found a runed translucent gate.
 19731 | Orc:1    | Noticed a merfolk impaler
 19732 | Orc:1    | Found an iron altar of Okawaru.
 19733 | Orc:1    | Noticed kernmantle's ghost (journeyman OpWn)
 20129 | Orc:2    | Entered Level 2 of the Orcish Mines
 20129 | Orc:2    | Found a staircase to the Elven Halls.
 20254 | Orc:2    | Reached skill level 15 in Armour
 20754 | Orc:1    | Reached skill level 16 in Long Blades
 21986 | Orc:2    | Reached XP level 14. HP: 106/129 MP: 14/16
 22004 | Orc:2    | Noticed an orc warlord
 22299 | Orc:1    | Killed an orc warlord
 22763 | Orc:1    | Received a gift from Okawaru
 23002 | Orc:2    | Noticed Azrael
 23378 | Orc:1    | Killed Azrael
 23767 | Orc:2    | Found Viudo's Antique Armour Boutique.
 23768 | Orc:2    | Found Caiwn's Antique Weapon Shop.
 23770 | Orc:2    | Found Viteruax's General Store.
 23770 | Orc:2    | Found Urghar's Book Boutique.
 24104 | Orc:2    | Noticed an orc warlord
 24113 | Orc:2    | Killed an orc warlord
 24802 | D:12     | Identified the +1 pair of gloves "Volucois" {rElec rF-
                  | rCorr} (Okawaru gifted it to you on level 12 of the
                  | Dungeon)
 24802 | D:12     | Received a gift from Okawaru
 25447 | D:12     | Identified the +4 ring mail of the Slightly Bent {rC+ Int+4
                  | Stlth-}
 26038 | D:12     | Found Sykheota's General Store.
 26040 | D:12     | Found Jaqa's Specific Store.
 27915 | Lair:3   | Reached skill level 17 in Long Blades
 27926 | Lair:3   | Found a staircase to the Shoals.
 28483 | Lair:4   | Received a gift from Okawaru
 28779 | Lair:4   | Found a snail-covered altar of Cheibriados.
 28855 | Lair:4   | Found a runed translucent door.
 28855 | Lair:4   | Found a viscous altar of Jiyva.
 28856 | Lair:4   | Found a staircase to the Slime Pits.
 29410 | Lair:5   | Entered Level 5 of the Lair of Beasts
 29752 | Lair:5   | Found a large runed translucent door.
 29752 | Lair:5   | Found a large runed translucent door.
 29777 | Lair:5   | Reached XP level 15. HP: 137/139 MP: 18/18
 29779 | Lair:5   | Noticed rlgrobin's ghost (journeyman TrMo)
 30194 | Lair:5   | Reached skill level 15 in Fighting
 30968 | Lair:5   | Killed from afar by a fire dragon

Illustrated notes

Levels and vault maps discovered:
D:1:      saegor_arrival_simple_b, layout_loops_ring, serial_shops,
          nicolae_shop_window_shopping, minmay_3d_cube
D:2:      layout_loops_corners, serial_shops, shop, nicolae_ecumenical_pavilion,
          kennysheep_generic_room_15, uniq_sigmund, uniq_terence
D:3:      layout_rooms, cheibriados_altar_1, yredelemnul_altar_generic,
          mainiacjoe_overflow_24_doors
D:4:      layout_rooms, lemuel_tele_altar, grunt_gozag_statues,
          minmay_temple_entry_glass, nicolae_elevator_lobby_plus
D:5:      cheibrodos_quashed, layout_rooms, kennysheep_another_room,
          uniq_blork_the_orc
D:6:      layout_loops_corners, dreamdust_princess_corridor
D:7:      layout_loops_corners, lemuel_doored_altar, gammafunk_ghost_necromancy,
          uniq_maggie
D:8:      layout_loops_ring, uniq_prince_ribbit1, uniq_joseph
D:9:      layout_basic, pdpol_wu_jian_five_deadly_venoms,
          nicolae_overflow_crystal_walls, enter_bailey_2
D:10:     layout_irregular_city, mainiacjoe_overflow_boulevard,
          lemuel_crystal_altar, david_lair_shrubbed
D:11:     layout_long_grid, orc_0_dummy, serial_rivers,
          chequers_serial_rivers_micro_a, chequers_serial_rivers_small_3,
          chequers_serial_rivers_room_b, chequers_serial_rivers_small_3,
          chequers_serial_rivers_micro_a, minmay_gold_behind_fungi, uniq_erolcha
D:12:     layout_rooms, drop_trap, nicolae_specific_store, kb_rosetta
Temple:   nicolae_temple_panitentiary
Lair:1:   layout_roguey [special_room_bee], portal_ice_cave_entry_pillars_2,
          grunt_megastairs_4, lemuel_fruit_tree
Lair:2:   layout_roguey, dummy_snake_entry, lightli_volcano_entry_magma_tube
Lair:3:   layout_cave_pods, elwin_shoals_entry_rooms, infiniplex_staircase_pool
Lair:4:   layout_cave_pods, slime_entry_2, kennysheep_snail_temple,
          serial_bayou_shore_b, infiniplex_staircase_pool_2
Lair:5:   guppyfry_lair_end_dragon, layout_regular_city,
          ebering_ghost_disaster_area, wad_woods_road_01
Orc:1:    layout_caves, gammafunk_ghost_fury_of_okawaru
Orc:2:    st_orc_congregation, layout_caves, basic_altar, minmay_orc_barracks,
          uniq_azrael

Skill      XL: |  1  2  3  4  5  6  7  8  9 10 11 12 13 14 15 |
---------------+----------------------------------------------+-----
Armour         | 4 5 6 9 10 11 12 13 15 16 | 16.7
Fighting       | 4 5 6 8 9 10 11 13 14 15 | 15.1
Long Blades    | 3 4 5 6 7 8 10 12 13 14 16 17 | 17.3
Shields        | 4 5 6 8 9 10 11 12 13 | 13.2
Dodging        | 1 2 4 5 6 |  6.9
Stealth        | 1 2 |  2.8
Invocations    | 3 4 5 |  5.7
Evocations     | 1 |  1.6

Action                   |  1- 3 |  4- 6 |  7- 9 | 10-12 | 13-15 || total
-------------------------+-------+-------+-------+-------+-------++-------
Melee: Long sword        |    78 |   106 |   182 |   404 |   993 ||  1763
       Headbutt          |     8 |    24 |    55 |   134 |   265 ||   486
       Scimitar          |       |       |   124 |   200 |    38 ||   362
Invok: Heroism           |       |       |     2 |    24 |    30 ||    56
Evoke: Wand              |       |       |       |     6 |     2 ||     8
  Use: Scroll            |       |     7 |     3 |    12 |     7 ||    29
       Potion            |       |       |       |     4 |    11 ||    15
Armor: Scale mail        |    32 |    31 |       |       |       ||    63
       Chain mail        |       |    36 |   115 |    49 |   344 ||   544
       Plate armour      |       |       |       |   137 |    40 ||   177
Dodge: Dodged            |    32 |    54 |   147 |   340 |   610 ||  1183
Block: Buckler           |    20 |    31 |    64 |   163 |   377 ||   655
